AoeStats
← audi_225

Yucatan

503206278Analyzed
2v2 RM · 1mo ago on Aug 30, 2026· 53m 54s· 4 players
Game mode
Random Map
Map size
Medium (4 player)
Population
200
Speed
Normal
Resources
Standard
Victory
Conquest
Starting age
Dark Age
Ending age
Imperial Age
RankedLock teamsTeams togetherTeam positionsShared explorationLock speedFull tech treeHidden civsTurbo modeCheats
Victory
Defeat
🇲🇽 Mongols · Mexico
1700
+13
🇲🇽 Magyars · Mexico
1633
+16
🇺🇾 Mongols · Uruguay
1812
-22
🇺🇦 Mongols · Ukraine
1472
-8
EL MAYA
9:03 Loom
14:06 Feudal Age
21:28 Castle Age
22:30 Scale Barding Armor
23:53 Fletching
25:58 Bodkin Arrow
29:21 Double-Bit Axe
32:54 Wheelbarrow
33:57 Hand Cart
34:34 Bow Saw
35:35 Horse Collar
36:26 Heavy Plow
39:56 Gold Mining
44:34 Imperial Age
42:29 Chain Barding Armor
42:12 Husbandry
44:28 Gold Shaft Mining
44:11 Bloodlines
45:52 Plate Barding Armor
44:42 Cavalier
46:46 Two-Man Saw
46:20 Crop Rotation
46:36 Paladin
48:57 Conscription
51:05 Town Watch
MZTK | Foxy
11:00 Feudal Age
12:20 Wheelbarrow
11:54 Double-Bit Axe
16:17 Castle Age
14:46 Horse Collar
14:57 Gold Mining
15:36 Fletching
17:29 Bow Saw
17:52 Bodkin Arrow
23:15 Padded Archer Armor
25:47 Ballistics
27:41 Husbandry
30:10 Thumb Ring
31:39 Bloodlines
35:33 Imperial Age
32:49 Loom
34:05 Hand Cart
33:35 Town Watch
36:07 Gold Shaft Mining
35:23 Stone Mining
36:47 Conscription
36:28 Elite Mangudai
37:38 Heavy Plow
38:10 Parthian Tactics
38:50 Chemistry
38:17 Bracer
38:15 Capped Ram
39:33 Leather Archer Armor
40:45 Coinage
39:39 Siege Ram
40:43 Drill
42:11 Banking
42:57 Stone Shaft Mining
47:47 Hoardings
47:26 Masonry
52:49 Town Patrol
audi_225
5:37 Loom
8:05 Feudal Age
8:39 Double-Bit Axe
10:42 Town Watch
12:50 Horse Collar
16:54 Wheelbarrow
20:31 Castle Age
19:21 Scale Barding Armor
19:55 Bloodlines
20:10 Forging
20:15 Gold Mining
20:32 Light Cavalry
21:25 Bow Saw
23:59 Husbandry
28:27 Padded Archer Armor
28:17 Fletching
31:34 Elite Skirmisher
32:33 Leather Archer Armor
33:27 Bodkin Arrow
36:32 Ballistics
42:26 Imperial Age
42:57 Gold Shaft Mining
42:12 Stone Mining
43:13 Bracer
44:39 Chain Barding Armor
45:22 Chemistry
47:02 Masonry
47:30 Heavy Camel Rider
49:09 Iron Casting
53:35 Hand Cart
Mamboreta
8:26 Feudal Age
8:29 Man-at-Arms
9:33 Double-Bit Axe
12:01 Fletching
14:11 Loom
18:19 Castle Age
18:03 Stone Mining
19:16 Bodkin Arrow
24:43 Horse Collar
27:34 Wheelbarrow
29:27 Bow Saw
34:58 Imperial Age
33:29 Hand Cart
33:36 Hand Cart
33:13 Gold Mining
35:12 Padded Archer Armor
35:42 Bracer
36:51 Chemistry
35:57 Heavy Plow
37:01 Leather Archer Armor
37:18 Parthian Tactics
36:58 Thumb Ring
37:35 Conscription
37:24 Elite Mangudai
38:54 Bloodlines
38:45 Husbandry
42:35 Ballistics
45:08 Gold Shaft Mining
46:27 Masonry
48:33 Light Cavalry
49:22 Scale Barding Armor
49:28 Forging
Connection lost

Rejoining the realm…

Still unreachable

The connection could not be restored.

Session expired

The server has moved on; the page needs a fresh start.